 Dungeon Crawl Stone Soup version 0.28.0-53-g5a82cb258f (webtiles) character file.

Game seed: 13015901630143376416

168 Stomo the Skirmisher (level 5, -2/47 HPs)
             Began as a Draconian Fighter on June 29, 2022.
             Was an Initiate of Wu Jian.
             Splashed by a jelly's acid (7 damage)
             ... on level 3 of the Dungeon.
             The game lasted 00:03:47 (2332 turns).

Stomo the Skirmisher (Draconian Fighter)            Turns: 2332, Time: 00:03:48

Health: -2/47      AC: -14   Str: 20    XL:     5   Next: 24%
Magic:  5/5        EV: 13    Int:  8    God:    Wu Jian [......]
Gold:   148        SH:  0    Dex: 11    Spells: 4/4 levels left

rFire   . . .      SeeInvis .   a - +0 flail
rCold   . . .      Faith    .   (no shield)
rNeg    . . .      Spirit   .   (armour unavailable)
rPois   +          Reflect  .   (helmet restricted)
rElec   .          Harm     .   (no cloak)
rCorr   .          Rampage  .   l - +0 pair of gloves
Will    .....                   (no boots)
Stlth   +.........              i - amulet of regeneration
HPRegen 0.95/turn               h - ring of poison resistance
MPRegen 0.09/turn               (no ring)

@: corroded
A: AC +5, unfitting armour, cold-blooded
a: Renounce Religion


You were on level 3 of the Dungeon.
You worshipped Wu Jian.
Wu Jian was noncommittal.
You visited 1 branch of the dungeon, and saw 3 of its levels.

You collected 148 gold pieces.

Inventory:

Hand Weapons
 a - a +0 flail (weapon)
 n - a +0 club
Armour
 b - a +0 buckler
 l - a +0 pair of gloves (worn)
Jewellery
 h - a ring of poison resistance (left hand)
 i - an amulet of regeneration (around neck)
Scrolls
 e - 3 scrolls of identify {unknown}
 j - a scroll of enchant armour {unknown}
 k - a scroll of magic mapping {unknown}
 o - a scroll of teleportation {unknown}
Potions
 c - a potion of might
 d - a potion of flight {unknown}
 f - a potion of haste {unknown}
 g - 2 potions of brilliance {unknown}
 m - 2 potions of heal wounds {unknown}


   Skills:
 + Level 4.6 Fighting
 + Level 3.5 Maces & Flails
 + Level 3.8 Dodging
 - Level 3.0 Shields


You had 4 spell levels left.
You didn't know any spells.
Your spell library contained the following spells:

 Spells                   Type           Power      Damage    Failure   Level
 Sublimation of Blood     Necr           0%         N/A       54%         2
 Wereblood                Tmut           0%         N/A       54%         2
 Summon Hydra             Summ           0%         N/A       100%        7


Dungeon Overview and Level Annotations

Branches:
Dungeon (3/15)

Altars:
Wu Jian


Innate Abilities, Weirdness & Mutations

Your plain brown scales are hard. (AC +5)
You cannot fit into any form of body armour.
You are cold-blooded and may be slowed by cold attacks.


Message History

You have reached level 5!
You sock the rat!
You kill the rat!
The Council accepts your kill.
Unknown command.
A jelly comes into view.
A jelly is nearby!
A jelly is nearby!
A jelly is nearby!
You lunge at the jelly.
The helpless jelly fails to defend itself.
You hit the jelly. The acid corrodes you!
Your hands burn!
You tail-slap the jelly, but do no damage.
The jelly is lightly wounded.
The jelly closely misses you.
You hit the jelly.
Your hands burn!
The jelly is lightly wounded.
The jelly hits you. The acid corrodes you!
You are splashed with acid!
You barely miss the jelly.
The jelly is lightly wounded.
The jelly barely misses you.
You hit the jelly.
Your hands burn!
You punch the jelly, but do no damage.
The jelly is lightly wounded.
The jelly hits you. The acid corrodes you!
You are splashed with acid!
You hit the jelly but do no damage.
Your hands burn!
The jelly is lightly wounded.
The jelly jiggles.
The jelly hits you. The acid corrodes you!
You are splashed with acid.
You sock the jelly! The acid corrodes you!
Your hands burn!
* * * LOW HITPOINT WARNING * * *
You tail-slap the jelly, but do no damage.
The jelly is almost dead.
The jelly hits you.
* * * LOW HITPOINT WARNING * * *
The acid corrodes you!
You are splashed with acid!
* * * LOW HITPOINT WARNING * * *
The jelly hits you.
* * * LOW HITPOINT WARNING * * *
The acid corrodes you!
You are splashed with acid!
You die...

.....#)# .......# .....###
.....# ### .....# ).
.....# # #.## ######
#..##..###.# #......J...#
#.####@######### #########
#...............
..##....#########.########
..''....'............#
..##....##########.#.#
..##....# #...# ..#######
##..# ### #..# #..#


You could see a jelly.

Vanquished Creatures
  An ice beast (D:3)
  Robin (D:3)
  A gnoll (D:2)
  An adder (D:2)
  A dart slug (D:2)
  An orc (D:3)
  2 endoplasms
  2 giant cockroaches (D:2)
  7 goblins
  5 hobgoblins
  2 jackals (D:2)
  3 kobolds
  4 quokkas
  3 ball pythons
  A bat (D:1)
  A frilled lizard (D:2)
  4 rats
40 creatures vanquished.

Vanquished Creatures (others)
  3 plants (D:2)
3 creatures vanquished.

Grand Total: 43 creatures vanquished

Notes
Turn   | Place    | Note
-------+----------+-------------------------------------------
     0 | D:1      | Stomo the Draconian Fighter began the quest for the Orb.
     0 | D:1      | Reached XP level 1. HP: 19/19 MP: 1/1
   573 | D:1      | Reached XP level 2. HP: 24/26 MP: 2/2
   615 | D:1      | Found a faded altar of an unknown god.
  1352 | D:2      | Reached XP level 3. HP: 15/33 MP: 3/3
  1623 | D:2      | Found an ornate altar of the Wu Jian Council.
  1637 | D:2      | Became a worshipper of the Wu Jian Council
  1972 | D:2      | Reached skill level 4 in Fighting
  2155 | D:3      | Noticed Robin
  2193 | D:3      | Killed Robin
  2194 | D:3      | Reached XP level 4. HP: 20/40 MP: 4/4
  2285 | D:3      | Noticed an ice beast
  2307 | D:3      | Killed an ice beast
  2308 | D:3      | Reached XP level 5. HP: 33/47 MP: 5/5
  2332 | D:3      | Splashed by a jelly's acid

Illustrated notes

Levels and vault maps discovered:
D:1:      matt_arrival_refuge, layout_basic,
          ebering_ecumenical_altar_sacrificial, supply_closet_lemuel,
          feat_on_display
D:2:      layout_loops_ring, serial_forest, infiniplex_forest_clump_long,
          infiniplex_forest_lined_2, infiniplex_forest_corner_2,
          infiniplex_forest_straight_4, infiniplex_forest_lined_3_way,
          infiniplex_forest_corner_1, infiniplex_forest_lined_3_way,
          infiniplex_forest_straight_4, basic_altar, corexii_leaking_fountain,
          cheibrodos_gnoll_hut
D:3:      layout_basic, xom_confusion_cloud, minmay_surrounded, uniq_grinder,
          uniq_sigmund, uniq_robin

Skill      XL: |  1  2  3  4 |
---------------+-------------+-----
Dodging        | 3 |  3.8
Fighting       | 4 |  4.6
Maces & Flails | 3 |  3.5
Shields        | |  3.0

Action                   |  1- 3 |  4- 6 || total
-------------------------+-------+-------++-------
Melee: Flail             |   101 |    28 ||   129
       Tailslap          |    18 |     9 ||    27
       Club              |     4 |     8 ||    12
       Punch             |       |     1 ||     1
Invok: Lunge             |     3 |     1 ||     4
 Stab: Sleeping          |       |     1 ||     1
Armor: Skin              |    34 |    12 ||    46
Dodge: Dodged            |    71 |    18 ||    89
